 Dungeon Crawl Stone Soup version 0.30-a0-335-ge5acde7520 (webtiles) character file.

Game seed: 7346774259446431445

8876 hikkokomori the Frost Mage (level 10, -12/80 HPs)
             Began as a Demigod Ice Elementalist on Oct 30, 2022.
             Mangled by Snorg (15 damage)
             ... on level 11 of the Dungeon.
             The game lasted 00:45:25 (11571 turns).

hikkokomori the Frost Mage (DgIE)                  Turns: 11571, Time: 00:45:26

Health: -12/80     AC: 19    Str:  9    XL:     10   Next: 94%
Magic:  2/19       EV: 18    Int: 25    God:
Gold:   199        SH:  0    Dex: 18    Spells: 0/17 levels left

rFire   + . .      SeeInvis .    n - +5 sword of Power {vorpal}
rCold   . . .      Faith    .    (shield currently unavailable)
rNeg    . . .      Spirit   .    w - +3 leather armour {rC+}
rPois   .          Reflect  .    (no helmet)
rElec   .          Harm     .    D - +0 cloak
rCorr   .          Rampage  .    F - +2 pair of gloves
Will    +....                    d - +0 pair of boots
Stlth   +++.......               (no amulet)
HPRegen 0.33/turn                f - +4 ring of evasion
MPRegen 0.16/turn                R - ring of fire

@: ice-armoured, hasted, very quick
A: high MP 1, forlorn, divine attributes
a: no special abilities


You were on level 11 of the Dungeon.
You visited 2 branches of the dungeon, and saw 12 of its levels.
You also visited: Sewer.

You collected 700 gold pieces.
You spent 501 gold pieces at shops.

Inventory:

Hand Weapons
 n - the +5 sword of Power (weapon) {vorpal}
   (You found it in a sewer)

   It inflicts extra damage upon your enemies.
   It occasionally discharges a powerful but inaccurate bolt of energy upon
   striking a foe, with increased chance the greater the wielder's current
   health.
 O - a +5 falchion of freezing
 P - the +10 broad axe of Skirmishing {protect, Will+ Int-3 Dex+2}
   (You found it on level 8 of the Dungeon)

   It grants its wielder temporary protection when it strikes (+7 to AC).
   Int:       It affects your intelligence (-3).
   Dex:       It affects your dexterity (+2).
   Will:      It increases your willpower.
 Q - the +7 hand axe of Qazlal, Destroying {spect, rElec Will+ Dex-3}
   (You found it on level 8 of the Dungeon)

   When its wielder attacks, the weapon's spirit leaps out and strikes again.
   The spirit shares a part of any damage it takes with its wielder.
   Dex:       It affects your dexterity (-3).
   rElec:     It insulates you from electricity.
   Will:      It increases your willpower.
Missiles
 x - 2 throwing nets
 K - a curare-tipped dart
Armour
 a - the +0 tower shield of Dithmenos's Envy {rF- Will+ Int+3 Slay+5}
   (You found it on level 10 of the Dungeon)

   Int:       It affects your intelligence (+3).
   Slay:      It affects your accuracy & damage with ranged weapons and melee
   (+5).
   rF:        It makes you vulnerable to fire.
   Will:      It increases your willpower.
 d - a +0 pair of boots (worn)
 t - the +2 leather armour of Divine Intervention {*Corrode rN+ MP+9}
   (You found it on level 2 of the Dungeon)

   rN:        It protects you from negative energy.
   MP:        It affects your magic capacity (+9).
   *Corrode:  It may corrode you when you take damage.
 w - a +3 leather armour of cold resistance (worn)
 D - a +0 cloak (worn)
 F - a +2 pair of gloves (worn)
 Z - a +4 scale mail of poison resistance
Jewellery
 f - a +4 ring of evasion (left hand)
 s - a ring of magical power
 J - a +6 ring of dexterity
 R - a ring of fire (right hand)
 U - a ring of magical power
Wands
 c - a wand of iceblast (15)
 k - a wand of digging (5)
 v - a wand of flame (1)
 M - a wand of acid (9)
 S - a wand of paralysis (6)
 T - a wand of mindburst (3)
Scrolls
 e - 3 scrolls of immolation
 j - 4 scrolls of fear
 p - a scroll of torment {unknown}
 q - 2 scrolls of butterflies {unknown}
 u - 3 scrolls of teleportation
 y - a scroll of summoning {unknown}
 z - 2 scrolls of enchant weapon
 B - 4 scrolls of poison {unknown}
 E - a scroll of enchant armour {unknown}
 G - 4 scrolls of vulnerability {unknown}
 L - a scroll of amnesia {unknown}
 W - a scroll of blinking {unknown}
 Y - a scroll of brand weapon
Potions
 b - a potion of magic
 g - a potion of haste
 h - 2 potions of might {unknown}
 i - 2 potions of ambrosia {unknown}
 l - 4 potions of invisibility
 m - 9 potions of curing
 o - 2 potions of lignification
 r - 3 potions of resistance
 C - a potion of flight {unknown}
 H - a potion of mutation {unknown}
 N - 3 potions of brilliance
Miscellaneous
 X - a phantom mirror


   Skills:
 - Level 4.6 Fighting
 - Level 5.0 Long Blades
 - Level 4.0 Armour
 + Level 4.9 Dodging
 - Level 5.0 Stealth
 - Level 4.0 Spellcasting
 + Level 6.0 Summonings
 - Level 9.4 Ice Magic
 + Level 3.8 Air Magic
 + Level 1.4 Evocations


You couldn't memorise any spells.
You knew the following spells:

 Your Spells              Type           Power      Damage    Failure   Level
a - Freeze                Ice            100%       1d10      1%          1
b - Frozen Ramparts       Ice            100%       1d16      1%          3
c - Ozocubu's Armour      Ice            51%        N/A       1%          3
d - Summon Ice Beast      Ice/Summ       43%        N/A       5%          4
e - Summon Lightning Spi  Summ/Air       29%        N/A       16%         4
f - Ensorcelled Hibernat  Hex/Ice        56%        N/A       2%          2

Your spell library contained the following spells:

 Spells                   Type           Power      Damage    Failure   Level
 Swiftness                Air            24%        N/A       8%          3
 Slow                     Hex            20%        N/A       12%         1
 Passwall                 Tmut/Erth      4%         N/A       19%         2
 Airstrike                Air            12%        2d(2-18)  26%         4
 Confusing Touch          Hex            5%         N/A       36%         3
 Dazzling Flash           Conj/Hex       10%        N/A       36%         3
 Vampiric Draining        Necr           5%         2d6       36%         3
 Lightning Bolt           Conj/Air       7%         1d19      83%         5
 Silence                  Hex/Air        7%         N/A       83%         5
 Agony                    Necr           5%         N/A       98%         5


Dungeon Overview and Level Annotations

Branches:
Dungeon (11/15)            Temple (1/1) D:4           Sewer (visited)
   Lair: D:8-11         Orc: D:9-12

Shops:
D:1 *   D:8 :   D:9 *

Annotations:
D:1 2 transporters
D:5 2 transporters, snackwell's ghost, novice DEEn
D:11 Snorg


Innate Abilities, Weirdness & Mutations

You have an increased reservoir of magic. (+10% MP)
You shall have no god before yourself.
Your divine heritage dramatically boosts your attributes as you level up.


Message History

Okay, then.
Press: ? - help, v - describe, . - travel
Here: Snorg (severely wounded, berserk, ally target)
The floor, spattered with blood.
Okay, then.
You feel yourself speed up. Snorg completely misses you. Snorg misses you.
Snorg barely misses you.
Your ice beast hits Snorg.
Your ice beast freezes Snorg!
Snorg bites your ice beast!! Snorg claws your ice beast!
Your ice beast dies!
Your ice beast disappears in a puff of smoke!
Snorg shouts!
You slash Snorg!
Snorg is severely wounded.
Snorg misses you. Snorg barely misses you. x2
Unknown command.
Okay, then.
What are your orders? t - Shout!
Orders for allies: a - Attack new target. r - Retreat! s - Stop attacking. g - Guard the area. f - Follow me.
Anything else - Cancel.
Gang up on whom?
Press: ? - help, Dir - move target, f - Snorg
Aim: Snorg (severely wounded, berserk, ally target) Attack!
Snorg bites you!!
* * * LOW HITPOINT WARNING * * *
Snorg completely misses you. x2
Unknown command.
You hit Snorg but do no damage.
Snorg is severely wounded.
Snorg bites you but does no damage. Snorg misses you.
Snorg completely misses you. Snorg closely misses you.
Snorg completely misses you. Snorg claws you but does no damage.
Unknown command.
You barely miss Snorg.
Snorg is severely wounded.
Snorg bites you!
You die...

#..........#
#.......#
#..........#
#.......#
.........#
#.......#
#####'###
##...#
###..###
#.8.##
###'#####
#.@.....#
#..T....#
#.......#
#.......#
#.......#
+<......#
#.......#
#....=..#


You could see Snorg (berserk, ally target) and a friendly lightning spire
(summoned).

Vanquished Creatures
  A boulder beetle (D:8)
  A two-headed ogre (D:10)
  A manticore (D:10)
  An unseen horror (D:7)
  A queen bee (D:10)
  A nameless horror (D:10)
  A hornet (D:9)
  A shadow (D:8)
  A vampire (D:9)
  A steam dragon (D:6)
  3 vampire mosquitoes (D:10)
  Menkaure (D:4)
  3 acid dragons
  A water moccasin (D:7)
  A black bear (D:6)
  5 orc warriors
  2 sky beasts (D:7)
  2 centaurs (D:7)
  A phantom (D:4)
  2 kobold brigands
  6 bullfrogs
  3 necrophages
  A gnoll sergeant (D:8)
  3 scorpions
  10 wights (D:7)
  9 killer bees
  6 howler monkeys
  An electric eel (D:10)
  4 orc priests
  A hound (D:5)
  A gnoll bouda (D:9)
  3 iguanas
  Ijyb (D:5)
  9 orc wizards
  A mummy (D:5)
  18 gnolls
  5 adders
  4 white imps
  An ufetubus (D:3)
  4 worms
  34 orcs
  15 ball pythons
  9 endoplasms
  12 giant cockroaches
  7 goblins
  8 hobgoblins
  A jackal (D:3)
  6 quokkas
  6 bats
  10 frilled lizards
  A hobgoblin zombie (D:5)
  15 kobolds
  A kobold zombie (D:5)
  2 orc zombies (D:5)
  11 rats
260 creatures vanquished.

Vanquished Creatures (collateral kills)
  A two-headed ogre (D:7)
  A vampire (D:9)
  A vampire mosquito (D:10)
  A nameless horror (D:10)
  A bullfrog (D:7)
  5 killer bees (D:10)
  An orc priest (D:10)
  2 orc wizards
  A gnoll (D:9)
  A white imp (D:7)
  An ufetubus (D:7)
  2 worms (D:10)
  7 orcs
  6 kobolds (D:7)
31 creatures vanquished.

Grand Total: 291 creatures vanquished

Notes
Turn   | Place    | Note
-------+----------+-------------------------------------------
     0 | D:1      | hikkokomori the Demigod Ice Elementalist began the quest
                  | for the Orb.
     0 | D:1      | Reached XP level 1. HP: 14/14 MP: 5/5
     1 | D:1      | Found Dyisy's General Store.
   224 | D:1      | Reached skill level 4 in Ice Magic
   258 | D:1      | Reached XP level 2. HP: 20/20 MP: 5/7
  1050 | D:2      | Reached XP level 3. HP: 21/26 MP: 3/9
  1579 | D:2      | Identified the +2 leather armour of Divine Intervention
                  | {*Corrode rN+ MP+9}
  1910 | D:3      | Reached XP level 4. HP: 33/33 MP: 8/10
  2211 | D:3      | Found a glowing drain.
  2242 | D:3      | Reached skill level 5 in Ice Magic
  2280 | Sewer    | Entered a sewer
  2375 | Sewer    | Learned a level 3 spell: Frozen Ramparts
  2379 | Sewer    | Learned a level 3 spell: Ozocubu's Armour
  2612 | Sewer    | Found the +5 sword of Power {vorpal}
  2700 | Sewer    | Noticed a bullfrog
  2707 | Sewer    | Killed a bullfrog
  2708 | Sewer    | Reached XP level 5. HP: 38/38 MP: 3/12
  3412 | D:4      | Reached skill level 6 in Ice Magic
  3412 | D:4      | Reached XP level 6. HP: 45/45 MP: 4/14
  3637 | D:4      | Reached skill level 1 in Long Blades
  3756 | D:4      | Found a staircase to the Ecumenical Temple.
  3811 | Temple   | Entered the Ecumenical Temple
  4307 | D:4      | Noticed Menkaure
  4319 | D:4      | Killed Menkaure
  4394 | D:2      | Learned a level 4 spell: Summon Ice Beast
  4509 | D:5      | Entered Level 5 of the Dungeon
  4784 | D:5      | Noticed Ijyb
  4794 | D:5      | Killed Ijyb
  4795 | D:5      | Reached XP level 7. HP: 38/50 MP: 16/16
  5040 | D:5      | Reached skill level 1 in Summonings
  5056 | D:5      | Reached skill level 7 in Ice Magic
  5378 | D:5      | Found a transporter.
  5387 | D:5      | Noticed snackwell's ghost (novice DEEn)
  5396 | D:5      | Found a transporter.
  5656 | D:6      | Reached skill level 1 in Fighting
  6342 | D:6      | Noticed a steam dragon
  6352 | D:6      | Killed a steam dragon
  6353 | D:6      | Reached XP level 8. HP: 50/61 MP: 17/17
  6908 | D:7      | Noticed a two-headed ogre
  6923 | D:7      | Killed a two-headed ogre
  6924 | D:7      | Reached skill level 8 in Ice Magic
  7096 | D:7      | Reached XP level 9. HP: 70/70 MP: 14/18
  7289 | D:7      | Reached skill level 9 in Ice Magic
  7714 | D:7      | Killed an unseen horror
  7715 | D:7      | Reached skill level 5 in Long Blades
  7715 | D:7      | Reached skill level 1 in Armour
  8118 | D:8      | Found Uluelick's Book Shoppe.
  8125 | D:8      | Bought a book of Storms for 416 gold pieces
  8130 | D:8      | Learned a level 4 spell: Summon Lightning Spire
  8197 | D:8      | Identified the +10 broad axe of Skirmishing {protect, Will+
                  | Int-3 Dex+2}
  8311 | D:8      | Reached skill level 1 in Air Magic
  8551 | D:8      | Noticed a boulder beetle
  8576 | D:8      | Killed a boulder beetle
  8577 | D:8      | Reached XP level 10. HP: 43/80 MP: 8/19
  8581 | D:8      | Identified the +7 hand axe of Qazlal, Destroying {spect,
                  | rElec Will+ Dex-3}
  9082 | D:9      | Reached skill level 5 in Summonings
  9337 | D:9      | Learned a level 2 spell: Ensorcelled Hibernation
  9638 | D:9      | Found Vime's General Store.
  9801 | D:9      | Bought a scroll of teleportation for 51 gold pieces
  9801 | D:9      | Bought a scroll of identify for 34 gold pieces
 10001 | D:10     | Entered Level 10 of the Dungeon
 10010 | D:10     | Identified the +0 tower shield of Dithmenos's Envy {rF-
                  | Will+ Int+3 Slay+5}
 10270 | D:10     | Noticed a manticore
 10280 | D:10     | Killed a manticore
 10803 | D:10     | Noticed a nameless horror
 10807 | D:10     | Killed a nameless horror
 10841 | D:10     | Reached skill level 5 in Stealth
 11168 | D:10     | Noticed a two-headed ogre
 11173 | D:10     | Killed a two-headed ogre
 11174 | D:10     | Reached skill level 1 in Evocations
 11553 | D:11     | Noticed Snorg
 11569 | D:11     | HP: 3/80 [Snorg (18)]
 11571 | D:11     | Mangled by Snorg

Illustrated notes

Levels and vault maps discovered:
D:1:      spicycebolla_arrival_transporter_tutorial, layout_basic, serial_shops,
          shop, minmay_misc_feat_tiny, chequers_serial_rivers_small_3,
          palyth_stone_intersect, st_stairs_12, minmay_strange_pillars,
          minmay_fountain_box, ebering_dispersal_statue_hall
D:2:      layout_loops_ring, basic_altar
D:3:      layout_loops_ring, trog_three_pillars_becter, portal_sewer_entry_c,
          st_stairs_9, minmay_misc_feat_columns
D:4:      layout_gridville, overflow_temple_1_default, minmay_temple_entry_tees,
          kennysheep_another_room, uniq_menkaure
D:5:      layout_loops_cross, nicolae_gozag_cash_rules_everything_around_me,
          nicolae_uskayaw_dance_hall, gammafunk_ghost_stat_death,
          corexii_hall_statues_i, minmay_mini_ossuary, uniq_ijyb
D:6:      layout_cave_pods, marbit_many_paths
D:7:      wad_guarded_room, layout_basic
D:8:      layout_basic, serial_shops, nicolae_square_shop, hex_intersection
D:9:      layout_loops_ring, serial_shops, shop, lemuel_flame_loot_1
D:10:     layout_rooms, minmay_misc_feat_tower, hive_lemuel
D:11:     layout_roguey, erik_lair_island, uniq_lodul, uniq_snorg
Temple:   bh_familiar_temple

Skill      XL: |  1  2  3  4  5  6  7  8  9 10 |
---------------+-------------------------------+-----
Spellcasting   | 2 3 4 |  4.0
Ice Magic      | 4 5 6 7 8 9 |  9.4
Long Blades    | 1 3 4 5 |  5.0
Summonings     | 2 3 4 6 |  6.0
Fighting       | 2 3 4 |  4.6
Armour         | 2 4 |  4.0
Dodging        | 3 4 |  4.9
Stealth        | 3 5 |  5.0
Air Magic      | 1 3 |  3.8
Evocations     | 1 |  1.4

Action                   |  1- 3 |  4- 6 |  7- 9 | 10-12 || total
-------------------------+-------+-------+-------+-------++-------
Melee: Short sword       |    35 |    36 |       |       ||    71
       Unarmed           |     1 |       |       |       ||     1
       Punch             |     1 |     1 |       |       ||     2
       Great sword       |       |    37 |   177 |   118 ||   332
       Broad axe         |       |       |    15 |    10 ||    25
Throw: Throwing net      |       |       |     1 |       ||     1
 Cast: Freeze            |    68 |    53 |     1 |       ||   122
       Ozocubu's Armour  |       |     3 |     3 |    11 ||    17
       Frozen Ramparts   |       |     5 |     9 |     5 ||    19
       Summon Ice Beast  |       |       |    16 |     3 ||    19
       Summon Lightning  |       |       |       |    14 ||    14
       Ensorcelled Hiber |       |       |       |     1 ||     1
Evoke: Wand              |       |       |     9 |     4 ||    13
  Use: Scroll            |     5 |       |     5 |     2 ||    12
       Potion            |       |       |       |     3 ||     3
 Stab: Sleeping          |     1 |     3 |     1 |     2 ||     7
       Distracted        |       |       |     2 |     2 ||     4
Armor: Robe              |    21 |    16 |       |       ||    37
       Leather armour    |       |       |    80 |    45 ||   125
       Skin              |       |       |       |     4 ||     4
Dodge: Dodged            |    74 |   102 |   226 |   179 ||   581

Table legend: (Time is in decaauts)
 A = Elapsed time spent in this place.
 B = Non-inter-level travel time spent in this place.
 C = Inter-level travel time spent in this place.
 D = Time resting spent in this place.
 E = Time spent auto-exploring this place.
 F = Levels seen in this place.
 G = Mean time per level.
                   A        B        C        D        E       F      G
               +--------+--------+--------+--------+--------+-----+--------+
         Total |  11869 |  11313 |    556 |    850 |   7891 |  13 |  913.0 |
       Dungeon |  10832 |  10296 |    536 |    850 |   7061 |  11 |  984.7 |
        Temple |    185 |    165 |     20 |      0 |    163 |   1 |  185.0 |
         Sewer |    851 |    851 |      0 |      0 |    667 |   1 |  851.0 |
               +--------+--------+--------+--------+--------+-----+--------+

Top non-repeatable levels by time:
    D:10: 1509 daAuts
     D:7: 1216 daAuts
     D:6: 1170 daAuts
     D:9: 1109 daAuts
     D:4: 1064 daAuts
     D:1: 1051 daAuts
     D:8: 951 daAuts
     D:2: 938 daAuts
     D:5: 897 daAuts
   Sewer: 851 daAuts
     D:3: 806 daAuts
  Temple: 185 daAuts
    D:11: 117 daAuts
